 Dungeon Crawl Stone Soup version 0.31-a0-965-g8a8ce12e04 (webtiles) character file.

Game seed: 1915912597418342894

16555 lunkers the Brawler (level 13, -3/100 (105) HPs)
             Began as a Meteoran Shapeshifter on Oct 26, 2023.
             Was an Elder of Ru.
             Slain by an eight-headed hydra (5 damage)
             ... on level 3 of the Lair of Beasts.
             The game lasted 00:15:56 (4639 turns).

lunkers the Brawler (Meteoran Shapeshifter)         Turns: 4639, Time: 00:15:57

HP:   -3/100 (105)  AC: 16    Str: 20    XL:     13   Next: 6%
MP:   14/14         EV:  7    Int: 12    God:    Ru [****..]
Gold: 1782          SH:  5    Dex: 10    Spells: 12/12 levels left

rFire   + .          .
                       - Unarmed
rCold   + + .        (no shield)
rNeg    . . .        i - +6 plate armour of Ujemoale {rF+ Str+2 Dex-5}
rPois   .            (helmet currently unavailable)
rElec   .            (cloak currently unavailable)
rCorr   .            (gloves currently unavailable)
SInv    .            (boots currently unavailable)
Will    +....        q - amulet of reflection Stlth
                     o - ring of protection from cold
HPRegen 0.36/turn    k - ring of protection from cold
MPRegen 0.14/turn

%: reflection
@: exhausted, beast-form, glowing, lightly drained
A: beast (slay +4), clumsy 1, sense surroundings 2, no stealth, hated by all, no
earth magic, no necromancy magic, no transmutations magic, otherworldly,
glowing, explore regen
a: Begin Untransformation, Renounce Religion, Draw Out Power, Power Leap


You were on level 3 of the Lair of Beasts.
You worshipped Ru.
Ru was greatly pleased with you.
You were a hulking beast.
You visited 2 branches of the dungeon, and saw 14 of its levels.
You also visited: Ossuary and Volcano.

You collected 1782 gold pieces.

Inventory:

Armour
 i - the +6 plate armour of Ujemoale (worn) {rF+ Str+2 Dex-5}
   (You found it on level 2 of the Dungeon)

   Str+2:     It affects your strength (+2).
   Dex-5:     It affects your dexterity (-5).
   rF+:       It protects you from fire.
 l - the +4 plate armour "Ylips" {rElec}
   (You found it on level 3 of the Dungeon)

   rElec:     It insulates you from electricity.
Jewellery
 k - a ring of protection from cold (right hand)
 o - a ring of protection from cold (left hand)
 q - an amulet of reflection (around neck)
 y - a ring of resist corrosion
 G - a ring of see invisible
Talismans
 c - a beast talisman
 d - a flux talisman
 w - a blade talisman
Wands
 e - a wand of mindburst (13)
 p - a wand of quicksilver (10)
 B - a wand of flame (7)
Scrolls
 f - a scroll of silence
 j - 2 scrolls of immolation
 m - 2 scrolls of teleportation
 r - 2 scrolls of enchant armour
 v - 2 scrolls of enchant weapon
 C - a scroll of revelation
Potions
 a - a potion of ambrosia
 b - 3 potions of lignification
 g - a potion of berserk rage
 h - 2 potions of might
 n - 6 potions of curing
 s - a potion of degeneration {unknown}
 t - 2 potions of brilliance {unknown}
 u - 5 potions of haste
 x - a potion of heal wounds
 z - a potion of mutation {unknown}
 A - a potion of enlightenment {unknown}
 D - a potion of cancellation {unknown}
 E - a potion of resistance {unknown}
Miscellaneous
 F - a phial of floods (inert)


   Skills:
 + Level 7.5 Fighting
 + Level 7.8 Dodging
 * Level 17.0 Unarmed Combat
 + Level 11.7 Shapeshifting


You had 12 spell levels left.
You didn't know any spells.
Your spell library contained the following spells:

 Spells                   Type           Power      Damage    Failure   Level
 Freeze                   Ice            0%         1d3       100%        1
 Shock                    Conj/Air       0%         1d3       100%        1
 Frozen Ramparts          Ice            0%         1d1       100%        3
 Hailstorm                Conj/Ice       0%         3d3       100%        3
 Sigil of Binding         Hex            0%         N/A       100%        3
 Swiftness                Air            0%         N/A       100%        3
 Airstrike                Air            0%         2d(0-16)  100%        4
 Dimensional Bullseye     Hex/Tloc       0%         N/A       100%        4
 Sticky Flame             Conj/Fire      0%         2d3       100%        4
 Ignition                 Fire           0%         3d3       100%        8
 Call Canine Familiar     Summ           Unusable   N/A       N/A         3
 Ignite Poison            Fire/Tmut/Pois Unusable   N/A       N/A         3
 Leda's Liquefaction      Hex/Erth       Unusable   N/A       N/A         4

Dungeon Overview and Level Annotations

Branches:
Dungeon (11/15) Zot: 2991  Temple (0/1) D:7            Lair (3/5) D:11 Zot: 1325
  Swamp (0/4) Lair:3      Ossuary (visited)         Volcano (visited)
  Snake: Lair:2-3    Spider: Lair:2-3       Orc: D:9-12

Altars:
Ru

Shops:
D:6 (   D:7 :   D:8 *

Annotations:
D:9 3 runed translucent doors, exclusion: orange crystal statue


Innate Abilities, Weirdness & Mutations

You are a hulking beast.
Your limbs bulge with bestial killing power. (Slay +4)
You are clumsy. (Dex -2)
You passively map the area around you.
You cannot be stealthy.
You are hated by all.
You cannot study or cast Earth magic.
You cannot study or cast Necromancy magic.
You cannot study or cast Transmutations magic.
You are easily found by Zot.
You glow in the dark.
You regain HP and MP as you explore.


Message History

You block the eight-headed hydra's attack.
The eight-headed hydra bites you but does no damage. x2
You barely miss the eight-headed hydra.
The eight-headed hydra is severely wounded.
The eight-headed hydra bites you but does no damage.
The eight-headed hydra barely misses you.
The eight-headed hydra bites you.
* * * LOW HITPOINT WARNING * * *
The eight-headed hydra bites you!
* * * LOW HITPOINT WARNING * * *
The eight-headed hydra bites you.
* * * LOW HITPOINT WARNING * * *
The eight-headed hydra barely misses you.
The eight-headed hydra bites you but does no damage. x2
Unknown command.
Unknown command.
You are restored by drawing out deep reserves of power within.
You feel drained. The eight-headed hydra bites you!
* * * LOW HITPOINT WARNING * * *
The eight-headed hydra bites you.
* * * LOW HITPOINT WARNING * * *
The eight-headed hydra bites you.
* * * LOW HITPOINT WARNING * * *
The eight-headed hydra barely misses you. x2
The eight-headed hydra closely misses you.
The eight-headed hydra bites you but does no damage. x2
Unknown command.
Aiming: Quicksilver Bolt
Press: ? - help, Shift-Dir - straight line, f - eight-headed hydra
Aim: an eight-headed hydra (severely wounded, 90% to hit)
The bolt of dispelling energy hits the eight-headed hydra!
The eight-headed hydra is almost dead.
The bolt of dispelling energy hits the yak!
The yak is heavily wounded.
The bolt of dispelling energy hits the yak!
The yak is moderately wounded.
The eight-headed hydra bites you.
* * * LOW HITPOINT WARNING * * *
The eight-headed hydra bites you.
You die...

,................ *
* ,................
* * ,,
............(... ,
........<....... *
* ,
................ *
* ,
.......Y.....>..,,,
* #...##YY##.#.##.
, #P#**##D#*## #
,,** * * # #.h# * ,
##.# * ,, , * * ..#
* , ~ * , ##.P , ,*
> , , ,, , ... ~ ,
* ,(..., * .... , ,
* , ......,, *** ,
,, , , ,


You could see an eight-headed hydra and 3 yaks.

Vanquished Creatures
  Erica (D:11)
  2 two-headed ogres (D:11)
  A hell knight (Volcano)
  An ugly thing (Volcano)
  A black mamba (Lair:2)
  A smoke demon (Volcano)
  2 cane toads
  A gargoyle (D:11)
  An unseen horror (D:9)
  A komodo dragon (D:11)
  A rime drake (Lair:1)
  A troll (D:10)
  2 polar bears (Lair:2)
  4 blink frogs (Lair:2)
  Sigmund (D:3)
  23 yaks
  2 wraiths
  3 wyverns
  2 basilisks
  2 steam dragons
  10 vampire mosquitoes
  3 hell hounds (Volcano)
  Duvessa (D:7)
  7 water moccasins
  An ice beast (D:7)
  An orc warrior (D:8)
  A black bear (D:5)
  An ogre (D:6)
  7 centaurs
  A phantom (D:7)
  A kobold brigand (D:9)
  6 bullfrogs
  2 scorpions
  7 wights
  Dowan (D:7)
  4 killer bees (D:11)
  3 howler monkeys
  A jelly (D:8)
  A hound (D:6)
  An orc priest (D:9)
  2 sleepcaps
  An iguana (D:11)
  7 orc wizards
  A mummy (Ossuary)
  2 adders
  2 white imps (D:7)
  2 ufetubi (D:6)
  2 worms
  A dart slug (D:1)
  18 orcs
  3 bats
  3 endoplasms
  A giant cockroach (D:2)
  4 goblins
  A hobgoblin (D:3)
  8 jackals
  2 quokkas
  A ball python (D:3)
  5 gnoll skeletons (Ossuary)
  6 kobolds
  3 kobold skeletons (Ossuary)
  17 orc skeletons (Ossuary)
  5 rats
210 creatures vanquished.

Vanquished Creatures (others)
  A cyclops (D:11)
  A blink frog (Lair:2)
  A centaur (D:11)
  A killer bee (D:11)
4 creatures vanquished.

Grand Total: 214 creatures vanquished

Notes
Turn   | Place    | Note
-------+----------+-------------------------------------------
     0 | D:1      | lunkers the Meteoran Shapeshifter began the quest for the
                  | Orb.
     0 | D:1      | Reached XP level 1. HP: 16/16 MP: 2/2
    82 | D:1      | Found a faded altar of an unknown god.
    90 | D:1      | Prayed at the altar of an unknown god.
    90 | D:1      | Became a worshipper of Ru the Awakened
    97 | D:1      | Gained mutation: You are hated by all. [Ru sacrifice]
    97 | D:1      | Reached * piety under Ru
   193 | D:1      | Reached XP level 2. HP: 13/23 MP: 3/3
   194 | D:1      | Reached skill level 4 in Unarmed Combat
   203 | D:2      | Identified the +6 plate armour of Ujemoale {rF+ Str+2
                  | Dex-5}
   427 | D:2      | Reached XP level 3. HP: 28/28 MP: 4/4
   628 | D:3      | Reached skill level 5 in Unarmed Combat
   628 | D:3      | Reached XP level 4. HP: 29/35 MP: 5/5
   665 | D:3      | Upgraded the game from 0.31-a0-963-ga325b2283a to
                  | 0.31-a0-965-g8a8ce12e04
   688 | D:3      | Identified the +4 plate armour "Ylips" {rElec}
   815 | D:3      | Noticed Sigmund
   835 | D:3      | Killed Sigmund
   836 | D:3      | Reached skill level 6 in Unarmed Combat
   836 | D:3      | Reached skill level 5 in Shapeshifting
   836 | D:3      | Reached XP level 5. HP: 37/40 MP: 6/6
   836 | D:3      | Reached XP level 6. HP: 43/47 MP: 7/7
   882 | D:4      | Reached skill level 7 in Unarmed Combat
  1029 | D:5      | Entered Level 5 of the Dungeon
  1052 | D:5      | Reached XP level 7. HP: 52/52 MP: 8/8
  1062 | D:5      | Noticed a water moccasin
  1070 | D:5      | Killed a water moccasin
  1280 | D:5      | Reached skill level 8 in Unarmed Combat
  1344 | D:6      | Reached XP level 8. HP: 48/59 MP: 9/9
  1423 | D:6      | Found Wivounuz's Weapon Emporium.
  1451 | D:6      | Reached skill level 9 in Unarmed Combat
  1578 | D:7      | Found Boukk's Book Shoppe.
  1586 | D:7      | Found a sand-covered staircase.
  1591 | D:7      | Gained mutation: You cannot study or cast Earth magic. [Ru
                  | sacrifice]
  1591 | D:7      | Gained mutation: You cannot study or cast Transmutations
                  | magic. [Ru sacrifice]
  1591 | D:7      | Gained mutation: You cannot study or cast Necromancy magic.
                  | [Ru sacrifice]
  1591 | D:7      | Reached ** piety under Ru
  1591 | D:7      | Reached *** piety under Ru
  1615 | D:7      | Noticed Duvessa
  1616 | D:7      | Noticed Dowan
  1626 | D:7      | Killed Duvessa
  1627 | D:7      | Killed Dowan
  1628 | D:7      | Reached skill level 10 in Unarmed Combat
  1638 | D:7      | Gained mutation: You passively map the area around you.
                  | [Meteoran growth]
  1638 | D:7      | Reached XP level 9. HP: 41/62 MP: 10/10
  1661 | Ossuary  | Entered an ossuary
  1865 | Ossuary  | Identified a scroll of acquirement
  1904 | Ossuary  | Acquired 1140 gold pieces
  1993 | D:7      | Reached skill level 11 in Unarmed Combat
  2057 | D:7      | Found a staircase to the Ecumenical Temple.
  2302 | D:8      | Found Biherr's Fire Supplies.
  2380 | D:8      | Reached skill level 12 in Unarmed Combat
  2613 | D:9      | Reached XP level 10. HP: 63/71 MP: 11/11
  2672 | D:9      | Found a runed translucent door.
  2690 | D:9      | Found a runed translucent door.
  2715 | D:9      | Found a runed translucent door.
  2742 | D:9      | Noticed an orange crystal statue
  2754 | D:9      | Found a runed translucent door.
  2901 | D:9      | Noticed an unseen horror
  2903 | D:9      | Killed an unseen horror
  2904 | D:9      | Reached skill level 13 in Unarmed Combat
  2942 | D:10     | Entered Level 10 of the Dungeon
  3008 | D:10     | Gained mutation: You cannot be stealthy. [Ru sacrifice]
  3056 | D:10     | Reached skill level 14 in Unarmed Combat
  3179 | D:10     | Reached XP level 11. HP: 82/82 MP: 12/12
  3272 | D:10     | Reached skill level 10 in Shapeshifting
  3607 | D:11     | Reached skill level 5 in Dodging
  3630 | D:11     | Identified the serpent talisman "Sup Daso" {*Slow rC-
                  | Will+++ Dex+9}
  3732 | D:11     | Noticed a cyclops
  3746 | D:11     | Noticed a two-headed ogre
  3748 | D:11     | Reached skill level 5 in Fighting
  3748 | D:11     | Reached skill level 15 in Unarmed Combat
  3756 | D:11     | Noticed Erica
  3756 | D:11     | Killed a cyclops
  3759 | D:11     | Killed a two-headed ogre
  3781 | D:11     | Killed Erica
  3790 | D:11     | Reached XP level 12. HP: 36/95 MP: 13/13
  3819 | D:11     | Noticed a two-headed ogre
  3833 | D:11     | Killed a two-headed ogre
  3836 | D:11     | Found a staircase to the Lair.
  3969 | Lair:1   | Entered Level 1 of the Lair of Beasts
  3980 | Lair:1   | Reached skill level 16 in Unarmed Combat
  4055 | Lair:1   | Found a dark tunnel.
  4070 | Volcano  | Entered a volcano
  4151 | Volcano  | Noticed a hell knight
  4162 | Volcano  | Killed a hell knight
  4329 | Lair:2   | Gained mutation: You are clumsy. (Dex -2) [Ru sacrifice]
  4329 | Lair:2   | Reached **** piety under Ru
  4526 | Lair:2   | Reached XP level 13. HP: 45/105 MP: 14/14
  4600 | Lair:2   | Reached skill level 17 in Unarmed Combat
  4620 | Lair:3   | Noticed an eight-headed hydra
  4639 | Lair:3   | HP: 2/100 [eight-headed hydra (4)]
  4639 | Lair:3   | Slain by an eight-headed hydra

Illustrated notes

Levels and vault maps discovered:
D:1:      sevenhm_arrival_forest_fort_small_3, layout_basic, serial_shops, shop,
          nicolae_shop_tiny_real_fake_doors, shop, nicolae_shop_crystal,
          shapermc_ecumenical_altar_mp_highgroup
D:2:      layout_basic, lightli_corner_chamber
D:3:      layout_loops_ring, general_overflow_altar, serial_shops, shop,
          serial_rivers, chequers_serial_rivers_marsh,
          chequers_serial_rivers_small_a, chequers_serial_rivers_room_a,
          chequers_serial_rivers_micro_a, uniq_sigmund
D:4:      layout_cave_pools, dk_noncrumbling_2
D:5:      layout_rooms, kennysheep_nub
D:6:      layout_loops_cross, serial_shops, nicolae_shop_bloodbath_and_beyond
D:7:      layout_basic, minmay_temple_entry_drinking_statues,
          nicolae_ossuary_entry_false_entrances, nicolae_take_the_stairs,
          uniq_duvessa
D:8:      hellmonk_destroyed_diamonds, layout_layer_cave,
          mainiacjoe_overflow_24_doors, nicolae_shop_fire_sale
          [nicolae_sub_dead_trees], minmay_fractal_squares_5
D:9:      layout_loops_cross, minmay_statue_crystal_thing
D:10:     layout_roguey
D:11:     layout_long_grid, minmay_lair_entry_grove, uniq_erica
Lair:1:   layout_misc_corridors, nicolae_volcano_entry_lava_flow, uniq_grum,
          uniq_fannar
Lair:2:   layout_cave_pods, minivault_25, nicolae_lair_grove_arrangements
Lair:3:   layout_small_grid, skrybe_swamp_entry_bodies, spider_nest_entry_webs,
          disabler_island

Skill      XL: |  1  2  3  4  5  6  7  8  9 10 11 12 13 |
---------------+----------------------------------------+-----
Unarmed Combat | 4 5 6 7 8 10 12 14 15 16 17 | 17.0
Shapeshifting  | 4 5 6 7 8 9 10 11 | 11.7
Fighting       | 3 5 7 |  7.5
Dodging        | 4 6 7 |  7.8

Action                     |  1- 3 |  4- 6 |  7- 9 | 10-12 | 13-15 || total
---------------------------+-------+-------+-------+-------+-------++-------
  Melee: Unarmed           |    64 |    77 |   185 |   362 |    22 ||   710
         Punch             |     2 |     2 |    11 |    32 |       ||    47
 Invoke: Sacrifice Love    |     1 |       |       |       |       ||     1
         Sacrifice Arcana  |       |       |     1 |       |       ||     1
         Sacrifice Stealth |       |       |       |     1 |       ||     1
         Sacrifice Purity  |       |       |       |     1 |       ||     1
         Draw Out Power    |       |       |       |       |     1 ||     1
  Evoke: Wand              |       |       |     2 |     6 |     1 ||     9
         Phial of floods   |       |       |       |     1 |       ||     1
    Use: Scroll            |       |       |    13 |     5 |     2 ||    20
         Potion            |       |       |       |     2 |       ||     2
   Stab: Distracted        |       |       |     1 |       |       ||     1
         Invisible         |       |       |       |     3 |       ||     3
         Petrified         |       |       |       |     3 |       ||     3
 Armour: Animal skin       |     4 |       |       |       |       ||     4
         Scale mail        |     3 |       |       |       |       ||     3
         Plate armour      |    37 |    53 |   142 |   332 |    42 ||   606
  Dodge: Dodged            |    22 |    16 |    50 |    85 |     9 ||   182
  Block: Other             |       |       |       |    53 |     5 ||    58
         Reflection        |       |       |       |     2 |       ||     2

Table legend: (Time is in decaauts)
 A = Elapsed time spent in this place.
 B = Non-inter-level travel time spent in this place.
 C = Inter-level travel time spent in this place.
 D = Time resting spent in this place.
 E = Time spent auto-exploring this place.
 F = Levels seen in this place.
 G = Mean time per level.
                   A        B        C        D        E       F      G
               +--------+--------+--------+--------+--------+-----+--------+
         Total |   4485 |   4379 |    106 |     29 |   2492 |  16 |  280.3 |
       Dungeon |   3608 |   3516 |     92 |      0 |   2251 |  11 |  328.0 |
          Lair |    473 |    459 |     14 |      0 |    115 |   3 |  157.7 |
       Ossuary |    248 |    248 |      0 |     29 |    100 |   1 |  248.0 |
       Volcano |    156 |    156 |      0 |      0 |     25 |   1 |  156.0 |
               +--------+--------+--------+--------+--------+-----+--------+

Top non-repeatable levels by time:
    D:11: 496 daAuts
    D:10: 477 daAuts
     D:7: 402 daAuts
     D:8: 355 daAuts
     D:2: 355 daAuts
     D:9: 331 daAuts
     D:3: 304 daAuts
  Lair:2: 272 daAuts
     D:5: 265 daAuts
     D:6: 263 daAuts
 Ossuary: 248 daAuts
     D:1: 197 daAuts
  Lair:1: 186 daAuts
     D:4: 160 daAuts
 Volcano: 156 daAuts
